 Dungeon Crawl Stone Soup version 0.27-a0-1273-gec92ba881d (webtiles) character file.

Game seed: 750503427897926378

128 CowFu the Magician (level 5, -2/43 HPs)
             Began as a Gnoll Wanderer on June 11, 2021.
             Was an Initiate of Gozag.
             Slain by a phantom (5 damage)
             ... on level 4 of the Dungeon.
             The game lasted 00:04:08 (3822 turns).

CowFu the Magician (Gnoll Wanderer)                 Turns: 3822, Time: 00:04:09

Health: -2/43      AC:  5    Str: 13    XL:     5   Next: 11%
Magic:  23/23      EV: 11    Int: 11    God:    Gozag
Gold:   315        SH:  0    Dex: 11    Spells: 18/18 levels left

rFire    . . .     SeeInvis .   a - +2 quarterstaff
rCold    . . .     Faith    .   (shield currently unavailable)
rNeg     . . .     Spirit   .   d - +0 robe
rPois    .         Reflect  .   j - +1 helmet
rElec    .         Harm     .   o - +0 cloak
rCorr    .         Rampage  .   (no gloves)
Will     .....                  (no boots)
Stlth    ++........             (no amulet)
HPRegen  0.14/turn              l - ring of magical power
MPRegen  0.18/turn              (no ring)

@: about to teleport
A: fangs 1, strong nose, distributed training
a: Renounce Religion, Potion Petition, Call Merchant, Bribe Branch


You were on level 4 of the Dungeon.
You worshipped Gozag.
Gozag was aware of your devotion.
You visited 1 branch of the dungeon, and saw 4 of its levels.

You collected 315 gold pieces.

Inventory:

Hand Weapons
 a - a +2 quarterstaff (weapon)
 e - a +4 dagger of protection
Armour
 d - a +0 robe (worn)
 j - a +1 helmet (worn)
 o - a +0 cloak (worn)
Jewellery
 l - a ring of magical power (left hand)
Scrolls
 c - a scroll of teleportation
 f - a scroll of enchant armour {unknown}
 i - 3 scrolls of identify {unknown}
 k - a scroll of blinking {unknown}
Potions
 b - a potion of lignification
 m - a potion of brilliance {unknown}
 n - a potion of ambrosia {unknown}


   Skills:
 + Level 4.7 Fighting
 + Level 1.3 Short Blades
 + Level 1.3 Long Blades
 + Level 1.3 Axes
 + Level 1.3 Maces & Flails
 + Level 1.3 Polearms
 + Level 2.9 Staves
 + Level 1.3 Slings
 + Level 1.3 Bows
 + Level 1.3 Crossbows
 + Level 2.9 Throwing
 + Level 1.3 Armour
 + Level 1.3 Dodging
 + Level 2.7 Stealth
 + Level 1.3 Shields
 + Level 1.3 Unarmed Combat
 + Level 7.2 Spellcasting
 + Level 1.1 Conjurations
 + Level 1.1 Hexes
 + Level 1.1 Summonings
 + Level 2.3 Necromancy
 + Level 1.1 Translocations
 + Level 2.3 Transmutations
 + Level 1.1 Fire Magic
 + Level 1.1 Ice Magic
 + Level 1.1 Air Magic
 + Level 1.1 Earth Magic
 + Level 1.1 Poison Magic
 + Level 1.5 Invocations
 + Level 1.3 Evocations


You had 18 spell levels left.
You didn't know any spells.
Your spell library was empty.

Dungeon Overview and Level Annotations

Branches:
Dungeon (4/15)
 Temple: D:4-7

Altars:
Gozag
Wu Jian

Shops:
D:1 =


Innate Abilities, Weirdness & Mutations

You have very sharp teeth.
Your uncanny sense of smell can sniff out nearby items.
Your experience applies equally to all skills.


Message History

The phantom hits you.
* * * LOW HITPOINT WARNING * * *
You sock the phantom!
The phantom is heavily damaged.
The phantom hits you but does no damage.
You barely miss the phantom. You bite the phantom, but do no damage.
The phantom is heavily damaged.
The giant cockroach completely misses you.
The phantom hits you but does no damage.
The giant cockroach bites you.
* * * LOW HITPOINT WARNING * * *
You hit the giant cockroach but do no damage.
Your bite misses the giant cockroach. The phantom hits you.
* * * LOW HITPOINT WARNING * * *
The phantom blinks!
You blink.
The phantom hits you but does no damage.
You closely miss the phantom.
The phantom is heavily damaged.
The phantom hits you but does no damage.
You closely miss the phantom.
The phantom is heavily damaged.
The bullfrog skeleton hits you.
* * * LOW HITPOINT WARNING * * *
The phantom hits you but does no damage.
You hit the phantom.
The phantom is severely damaged.
The bullfrog skeleton completely misses you.
The phantom hits you but does no damage.
The bullfrog skeleton hits you.
* * * LOW HITPOINT WARNING * * *
It was a potion of cancellation.
You feel magically purged.
The giant cockroach bites you but does no damage.
The phantom hits you.
* * * LOW HITPOINT WARNING * * *
The phantom blinks!
You blink.
Found a metal-bound book and a scroll labelled OCUNLALETE.
As you read the scroll of teleportation, it crumbles to dust.
You feel strangely unstable. The phantom hits you.
You die...
Your body crumbles into a pile of gold.

......#...
##..........
#...)...... .
#........###?.
#.............
#.............
#ยง..Z.........
#...B.......:.
###.....@.......
###.#....W...###..
##...#.....>.###
#..............###
###...............#
##....................
#................#....
#
#..............).#..##
.###......$........##
.#


You could see a phantom, a giant cockroach and a bullfrog skeleton.

Vanquished Creatures
  5 adders
  An ufetubus (D:2)
  An adder skeleton (D:4)
  A worm (D:2)
  4 dart slugs
  3 orcs (D:4)
  6 endoplasms
  7 giant cockroaches
  6 goblins
  4 hobgoblins
  4 jackals (D:3)
  2 quokkas
  5 bats
  A frilled lizard (D:2)
  6 kobolds
  5 rats
61 creatures vanquished.

Notes
Turn   | Place    | Note
-------+----------+-------------------------------------------
     0 | D:1      | CowFu the Gnoll Wanderer began the quest for the Orb.
     0 | D:1      | CowFu set off with the following items: a +2 quarterstaff,
                  | a potion of lignification, a scroll of teleportation, a +0
                  | robe
     0 | D:1      | Reached XP level 1. HP: 20/20 MP: 8/8
   141 | D:1      | Reached XP level 2. HP: 26/26 MP: 10/10
   556 | D:1      | Found Qujel's Jewellery Shop.
   989 | D:2      | You fall into a shaft and drop 2 floors!
  1015 | D:4      | Reached XP level 3. HP: 11/31 MP: 11/11
  1651 | D:3      | Reached skill level 1 in Invocations
  1789 | D:3      | Found a faded altar of an unknown god.
  1798 | D:3      | Became a worshipper of Gozag Ym Sagoz the Greedy
  2097 | D:3      | Reached skill level 1 in Short Blades
  2097 | D:3      | Reached skill level 1 in Long Blades
  2097 | D:3      | Reached skill level 1 in Axes
  2097 | D:3      | Reached skill level 1 in Maces & Flails
  2097 | D:3      | Reached skill level 1 in Polearms
  2097 | D:3      | Reached skill level 1 in Slings
  2097 | D:3      | Reached skill level 1 in Bows
  2097 | D:3      | Reached skill level 1 in Crossbows
  2097 | D:3      | Reached skill level 1 in Armour
  2097 | D:3      | Reached skill level 1 in Dodging
  2097 | D:3      | Reached skill level 1 in Shields
  2097 | D:3      | Reached skill level 1 in Unarmed Combat
  2097 | D:3      | Reached skill level 1 in Evocations
  2113 | D:3      | Found an ornate altar of the Wu Jian Council.
  2547 | D:2      | Reached XP level 4. HP: 9/38 MP: 13/13
  3148 | D:2      | Reached skill level 1 in Conjurations
  3148 | D:2      | Reached skill level 1 in Hexes
  3148 | D:2      | Reached skill level 1 in Summonings
  3148 | D:2      | Reached skill level 1 in Translocations
  3148 | D:2      | Reached skill level 1 in Fire Magic
  3148 | D:2      | Reached skill level 1 in Ice Magic
  3148 | D:2      | Reached skill level 1 in Air Magic
  3148 | D:2      | Reached skill level 1 in Earth Magic
  3148 | D:2      | Reached skill level 1 in Poison Magic
  3540 | D:2      | Reached XP level 5. HP: 43/43 MP: 14/14
  3787 | D:4      | Noticed a phantom
  3822 | D:4      | Slain by a phantom

Illustrated notes

Levels and vault maps discovered:
D:1:      dpeg_arrival_short_road, layout_basic, serial_shops,
          nicolae_shop_crystal
D:2:      layout_rooms, minmay_misc_feat_more_columns
D:3:      layout_basic, marbit_many_paths, basic_ecumenical_altar
D:4:      layout_cave_pools

Skill      XL: |  1  2  3  4 |
---------------+-------------+-----
Necromancy     | 2 |  2.3
Transmutations | 2 |  2.3
Invocations    | 1 |  1.5
Short Blades   | 1 |  1.3
Long Blades    | 1 |  1.3
Axes           | 1 |  1.3
Maces & Flails | 1 |  1.3
Polearms       | 1 |  1.3
Slings         | 1 |  1.3
Bows           | 1 |  1.3
Crossbows      | 1 |  1.3
Armour         | 1 |  1.3
Dodging        | 1 |  1.3
Shields        | 1 |  1.3
Unarmed Combat | 1 |  1.3
Evocations     | 1 |  1.3
Conjurations   | 1 |  1.1
Hexes          | 1 |  1.1
Summonings     | 1 |  1.1
Translocations | 1 |  1.1
Fire Magic     | 1 |  1.1
Ice Magic      | 1 |  1.1
Air Magic      | 1 |  1.1
Earth Magic    | 1 |  1.1
Poison Magic   | 1 |  1.1
Fighting       | |  4.7
Staves         | |  2.9
Throwing       | |  2.9
Stealth        | |  2.7
Spellcasting   | |  7.2

Action                   |  1- 3 |  4- 6 || total
-------------------------+-------+-------++-------
Melee: Quarterstaff      |    83 |    91 ||   174
       Dagger            |     4 |       ||     4
       Bite              |     5 |     4 ||     9
  Use: Potion            |       |     2 ||     2
       Scroll            |       |     1 ||     1
 Stab: Sleeping          |     3 |     2 ||     5
       Distracted        |       |     1 ||     1
Armor: Robe              |    18 |    35 ||    53
Dodge: Dodged            |    54 |    38 ||    92

Table legend: (Time is in decaauts)
 A = Elapsed time spent in this place.
 B = Non-inter-level travel time spent in this place.
 C = Inter-level travel time spent in this place.
 D = Time resting spent in this place.
 E = Time spent auto-exploring this place.
 F = Levels seen in this place.
 G = Mean time per level.
                   A        B        C        D        E       F      G
               +--------+--------+--------+--------+--------+-----+--------+
         Total |   3850 |   3707 |    143 |    288 |   2927 |   4 |  962.5 |
       Dungeon |   3850 |   3707 |    143 |    288 |   2927 |   4 |  962.5 |
               +--------+--------+--------+--------+--------+-----+--------+

Top non-repeatable levels by time:
     D:3: 1486 daAuts
     D:1: 988 daAuts
     D:2: 987 daAuts
     D:4: 388 daAuts
